Map: Dynasty LE

Players

LCSC - Winner!

  • Race: Zerg Zerg
  • League: Diamond
  • Spawn Location: 1:00

SuperWario

  • Race: Terran Terran
  • League: Diamond
  • Spawn Location: 7:00

VOD

Have the link to the VOD?

Description

Time

  • Played on: April 16, 2024, 6:42 p.m.
  • Length: 34:13
Show
View Real Time Build Order
Export as new Build Order

LCSC Zerg - Winner!

Build Orders: Pool First 

Get SALT Encoding   

  12  0:00  Drone  
  13  0:12  Overlord  
  13  0:17  Drone  
  14  0:30  Drone x2  
  14  0:34  Drone  
  17  0:45  Drone  
  17  0:46  Extractor  
  17  0:51  Spawning Pool  
  17  0:56  Drone  
  17  1:07  Drone  
  18  1:19  Hatchery  
  18  1:23  Drone  
  18  1:38  Queen  
  18  1:39  Zergling x2  
  21  1:41  Zergling x2  
  22  1:52  Metabolic Boost  
  22  1:54  Overlord  
  22  2:18  Hatchery  
  22  2:19  Drone  
  22  2:20  Drone  
  23  2:27  Drone  
  24  2:41  Drone  
  24  2:42  Drone  
  25  2:52  Queen  
  25  2:53  Queen  
  25  2:55  Overlord  
  25  2:56  Drone  
  30  3:07  Overlord  
  30  3:11  Drone x2  
  30  3:12  Drone x3  
  35  3:28  Queen  
  35  3:29  Queen  
  35  3:32  Zergling x10  
  43  3:48  Roach Warren  
  43  3:50  Queen  
  43  3:54  Drone  
  43  3:55  Drone x7  
  52  4:04  Drone x2  
  54  4:16  Overlord  
  54  4:21  Drone  
  54  4:22  Drone x3  
  54  4:24  Extractor, Overlord x2  
  58  4:28  Spine Crawler  
  56  4:33  Lair  
  56  4:38  Drone x3, Extractor  
  58  4:50  Drone x6  
  58  4:51  Drone  
  65  4:54  Drone  
  66  5:06  Overlord  
  66  5:08  Overlord  
  66  5:14  Spore Crawler  
  66  5:15  Spore Crawler  
  66  5:20  Drone x5, Extractor  
  68  5:29  Glial Reconstitution  
  68  5:32  Roach  
  68  5:33  Roach x9  
  68  5:34  Hatchery  
  84  5:42  Zergling x2  
  83  5:43  Zergling x10  
  85  5:59  Roach  
  85  6:00  Roach x5  
  95  6:11  Overlord x2  
  89  6:20  Overlord x2  
  89  6:22  Roach x4  
  97  6:26  Overlord x2  
  97  6:36  Hydralisk Den  
  97  6:37  Roach  
  97  6:38  Roach x3  
  104  6:44  Drone  
  104  6:45  Drone x6  
  104  6:46  Queen  
  111  6:48  Drone x2  
  111  6:50  Overlord  
  115  6:55  Roach x4  
  123  7:03  Ravager  
  123  7:04  Ravager x2  
  126  7:16  Grooved Spines  
  126  7:18  Drone x4  
  126  7:19  Drone x5  
  126  7:20  Extractor  
  126  7:21  Extractor  
  133  7:25  Queen  
  133  7:26  Overlord  
  133  7:27  Roach x4  
  133  7:28  Roach x4  
  151  7:38  Evolution Chamber x2  
  151  7:39  Drone  
  151  7:41  Drone x3  
  153  7:51  Ravager  
  153  7:52  Ravager x3  
  157  7:59  Extractor  
  156  8:13  Zerg Missile Weapons Level 1, Zerg Ground Armor Level 1  
  143  8:35  Roach  
  143  8:36  Roach x7  
  143  8:41  Drone  
  160  8:46  Overlord x4  
  159  8:51  Drone  
  159  8:52  Overlord x2  
  160  9:06  Drone, Hatchery  
  160  9:07  Drone  
  161  9:18  Spine Crawler  
  161  9:23  Overlord  
  160  9:24  Roach  
  160  9:25  Roach x19  
  160  9:28  Extractor  
  170  9:47  Roach  
  170  9:48  Roach x16  
  164  10:05  Ravager  
  164  10:06  Ravager x10  
  168  10:14  Drone x7  
  171  10:16  Drone x11  
  186  10:25  Ravager x2  
  186  10:26  Ravager x3  
  191  10:35  Drone  
  191  10:36  Drone x4  
  191  10:39  Queen  
  191  10:42  Drone x2  
  200  10:43  Extractor  
  200  10:45  Zerg Missile Weapons Level 2, Zerg Ground Armor Level 2  
  169  11:07  Roach x12  
  169  11:08  Roach  
  195  11:15  Infestation Pit  
  195  11:17  Spire  
  172  12:05  Spire  
  172  12:06  Drone x6, Hatchery  
  133  12:38  Mutalisk x2, Roach  
  133  12:39  Mutalisk x17  
  168  12:46  Mutalisk  
  168  12:47  Mutalisk  
  172  13:09  Zerg Flyer Weapons Level 1  
  172  13:10  Hive  
  152  13:42  Zergling x2  
  152  13:43  Zergling x40  
  152  13:44  Zergling x52  
  185  13:55  Zerg Melee Weapons Level 1  
  185  14:00  Queen  
  187  14:15  Zerg Flyer Armor Level 1  
  187  14:23  Ultralisk Cavern  
  187  14:24  Adrenal Glands  
  186  14:26  Zergling x22  
  186  14:27  Zergling x6  
  194  15:05  Overseer  
  165  15:18  Ultralisk  
  165  15:19  Ultralisk x7  
  165  15:20  Zergling x2  
  199  15:28  Zergling x4  
  199  15:35  Chitinous Plating  
  196  15:45  Zergling x2  
  196  15:46  Zergling x6  
  199  15:56  Zergling x10  
  198  16:00  Zergling x2  
  198  16:01  Zergling x10  
  144  16:13  Zergling x2  
  144  16:14  Zergling x48  
  144  16:15  Zergling x12, Ultralisk  
  144  16:16  Ultralisk x5  
  158  16:50  Zergling x2, Ultralisk x5  
  158  16:51  Zergling x22  
  158  16:53  Anabolic Synthesis  
  149  17:23  Zergling x2  
  149  17:24  Zergling x16  
  157  17:35  Overlord x3  
  157  17:36  Overlord  
  151  17:40  Zergling x12  
  151  17:41  Zergling x2  
  151  17:43  Overlord x2  
  158  17:49  Zerg Ground Armor Level 3, Zerg Melee Weapons Level 2  
  158  18:05  Hatchery  
  157  18:12  Zergling x2  
  157  18:13  Zergling x24  
  157  18:14  Ultralisk x3  
  157  18:15  Ultralisk x2  
  174  18:43  Zergling x18  
  174  18:44  Zergling x26  
  162  19:05  Zergling x26  
  160  19:20  Drone  
  160  19:21  Drone x7  
  162  19:28  Zergling x18  
  171  19:37  Baneling Nest  
  170  20:07  Greater Spire  
  170  20:08  Zerg Flyer Weapons Level 2  
  170  20:32  Extractor, Queen  
  170  20:33  Extractor, Hatchery  
  169  20:40  Centrifugal Hooks  
  169  20:46  Corruptor x2  
  169  20:47  Corruptor x8  
  169  20:48  Corruptor x2  
  193  21:02  Spine Crawler  
  193  21:03  Spine Crawler  
  190  21:06  Spine Crawler  
  190  21:10  Spine Crawler  
  180  21:12  Spine Crawler  
  180  21:14  Spore Crawler  
  178  21:21  Brood Lord  
  178  21:22  Brood Lord x6  
  178  21:23  Corruptor, Brood Lord x2  
  164  22:29  Corruptor x14  
  148  22:30  Corruptor  
  168  22:37  Zergling x2  
  168  22:38  Zergling x50  
  168  22:39  Zergling x12  
  184  22:56  Drone x7  
  184  22:57  Drone x6  
  163  23:56  Hatchery  
  160  24:20  Baneling x14  
  160  24:21  Baneling x6  
  160  24:30  Ultralisk x2  
  160  24:31  Ultralisk x5  
  184  24:32  Zergling x22  
  184  24:33  Zergling x6  
  147  25:28  Zergling x22  
  149  25:29  Zergling x30  
  173  25:42  Zergling x14  
  173  26:09  Zergling x2  
  173  26:10  Zergling x24  
  178  26:22  Ultralisk x2  
  135  26:59  Ultralisk x3  
  134  27:22  Ultralisk  
  122  27:23  Zergling x8  
  104  27:45  Zergling x2  
  104  27:46  Zergling x12  
  111  28:04  Ultralisk  
  106  28:36  Hatchery  
  105  28:41  Drone x3  
  105  28:42  Drone x3  
  111  28:51  Hatchery  
  110  29:21  Ultralisk x2  
  122  29:31  Zergling x10  
  120  30:12  Ultralisk x2  
  132  30:20  Overseer  
  118  30:46  Spine Crawler  
  118  30:48  Spine Crawler  
  110  31:00  Ultralisk  
  108  31:24  Zergling x26  
  118  31:35  Roach  
  119  31:49  Hydralisk x3  
  119  31:50  Hydralisk x4  
  133  32:03  Extractor, Queen  
  133  32:05  Extractor  
  133  32:07  Drone  
  133  32:08  Drone x2  
  136  32:10  Extractor  
  136  32:12  Extractor  
  136  32:14  Spine Crawler  
  133  32:18  Hydralisk x3  
  139  32:24  Zergling x2  
  139  32:25  Zergling x16  
  148  32:37  Muscular Augments  
  148  32:44  Drone x5  
  128  33:36  Hydralisk x3  
  128  33:37  Hydralisk x6  
  130  33:51  Zergling x14  
Show
View Real Time Build Order
Export as new Build Order

SuperWario Terran 

Build Orders: Cyclone Opening, Mech 

Get SALT Encoding   

  12  0:00  SCV  
  13  0:13  SCV  
  14  0:20  Supply Depot  
  14  0:25  SCV  
  15  0:29  Refinery  
  15  0:41  SCV  
  16  0:48  Barracks  
  16  0:53  SCV  
  17  1:05  SCV  
  18  1:17  SCV  
  19  1:29  SCV  
  20  1:36  Factory  
  20  1:37  Marine  
  21  1:42  Orbital Command  
  21  1:55  Barracks Reactor  
  21  2:04  Supply Depot  
  21  2:07  Command Center  
  21  2:11  SCV  
  22  2:26  SCV  
  23  2:34  Cyclone  
  23  2:38  SCV  
  24  2:53  SCV  
  25  3:01  Refinery  
  25  3:05  Supply Depot, SCV  
  26  3:06  Cyclone  
  26  3:07  Widow Mine  
  30  3:17  SCV  
  31  3:29  Command Center  
  31  3:33  SCV  
  32  3:34  Factory  
  32  3:36  Supply Depot  
  32  3:50  Cyclone x2  
  36  3:59  SCV  
  36  4:02  Orbital Command  
  37  4:04  Barracks Tech Lab  
  37  4:11  SCV  
  38  4:20  Supply Depot  
  38  4:23  SCV  
  39  4:28  SCV  
  39  4:30  Hellion  
  39  4:31  Hellion  
  44  4:35  SCV  
  44  4:38  Infernal Pre-Igniter  
  45  4:40  SCV  
  45  4:45  Hellion  
  48  4:47  SCV  
  48  4:52  SCV  
  50  4:53  Hellion  
  50  4:58  Refinery  
  50  4:59  SCV  
  53  5:03  Hellion  
  53  5:06  Hellion  
  57  5:09  SCV  
  57  5:13  SCV  
  59  5:21  Hellion, SCV  
  62  5:25  SCV  
  63  5:33  SCV  
  64  5:40  Hellion x2  
  66  5:57  Hellion  
  66  6:02  Hellion  
  59  6:19  SCV x2  
  59  6:22  Siege Tank  
  59  6:23  Armory  
  64  6:27  Command Center  
  64  6:29  Command Center  
  64  6:31  SCV  
  64  6:32  SCV  
  66  6:33  Factory  
  66  6:37  Refinery  
  66  6:40  Orbital Command  
  66  6:48  SCV x2  
  66  6:52  Hellion x2  
  72  6:54  Siege Tank  
  72  6:57  Factory  
  72  7:00  SCV  
  76  7:05  SCV  
  77  7:12  SCV  
  78  7:17  Terran Vehicle Weapons Level 1, SCV  
  78  7:19  Factory  
  78  7:21  Starport  
  78  7:22  SCV  
  80  7:24  SCV  
  80  7:26  Siege Tank  
  80  7:29  SCV  
  85  7:35  Factory Tech Lab  
  85  7:37  Hurricane Engines  
  85  7:38  SCV x2  
  85  7:41  SCV  
  85  7:43  Hellion  
  85  7:44  Hellion x2  
  94  7:50  SCV  
  95  7:55  Siege Tank  
  98  7:58  Siege Tank  
  98  7:59  SCV  
  98  8:05  Hellion x2  
  106  8:06  Engineering Bay, Refinery  
  104  8:30  Siege Tank  
  99  8:38  Siege Tank  
  99  8:39  Hellion  
  98  8:48  Factory Tech Lab  
  96  8:51  SCV x3  
  96  8:54  Planetary Fortress  
  97  8:57  Refinery x2  
  97  8:59  Cyclone  
  97  9:00  Cyclone  
  104  9:02  Siege Tank  
  104  9:04  Missile Turret  
  104  9:11  Siege Tank  
  104  9:12  Widow Mine  
  104  9:16  SCV x2  
  111  9:18  SCV  
  112  9:28  SCV x2  
  112  9:29  Sensor Tower  
  112  9:30  SCV  
  115  9:33  SCV  
  115  9:34  Hellion  
  114  9:38  Widow Mine  
  114  9:40  SCV  
  114  9:43  Hellion  
  114  9:46  Hellion  
  114  9:50  SCV  
  115  9:54  Hellion  
  115  9:57  SCV x2  
  115  9:59  Siege Tank  
  112  10:04  SCV x2  
  112  10:07  Hellion x2  
  113  10:09  SCV x2  
  115  10:20  Supply Depot x2  
  115  10:22  Supply Depot  
  115  10:23  Starport Reactor, Supply Depot x2  
  115  10:24  Supply Depot  
  115  10:25  Starport  
  115  10:27  Factory Tech Lab  
  115  10:39  Missile Turret  
  115  10:41  Siege Tank, SCV x4  
  115  10:42  Siege Tank, Hellion  
  127  10:43  Cyclone x2  
  127  10:46  Missile Turret  
  131  10:53  SCV x3  
  129  11:03  Cyclone  
  130  11:05  Planetary Fortress  
  130  11:14  Widow Mine x2  
  130  11:16  Command Center  
  134  11:21  Cyclone x2  
  134  11:23  SCV  
  134  11:24  SCV  
  140  11:27  Refinery  
  140  11:28  Refinery  
  140  11:31  Command Center  
  140  11:34  Command Center  
  140  11:35  Sensor Tower, Cyclone x2  
  134  11:46  SCV  
  135  11:47  SCV x3  
  135  11:52  Hellion  
  135  11:53  Siege Tank  
  141  11:54  Hellion  
  141  11:58  SCV  
  141  11:59  SCV  
  141  12:00  Terran Vehicle And Ship Armor Level 1  
  145  12:03  SCV x2  
  145  12:04  Armory  
  145  12:07  Starport Reactor, Sensor Tower  
  147  12:09  Supply Depot x2  
  147  12:10  Missile Turret x2  
  147  12:27  Viking x2  
  143  12:39  Hellion  
  141  12:50  Cyclone x2  
  145  12:52  Sensor Tower  
  145  12:57  Viking x3  
  151  12:59  Hellion  
  151  13:00  SCV  
  154  13:09  SCV  
  155  13:13  Supply Depot x2  
  155  13:15  Planetary Fortress  
  155  13:16  SCV x2  
  157  13:28  Barracks  
  157  13:30  Cyclone x3, Widow Mine  
  155  13:39  Viking x3  
  155  13:40  Viking  
  152  13:45  Hellion x2  
  149  13:49  SCV  
  149  13:53  Missile Turret  
  149  13:54  Missile Turret, SCV  
  151  13:55  Hellion  
  151  13:58  SCV x2  
  151  13:59  Missile Turret  
  151  14:00  Missile Turret  
  151  14:01  Missile Turret  
  151  14:02  Hellion x2, Cyclone  
  159  14:08  SCV  
  159  14:09  Viking x3  
  166  14:11  SCV x4  
  176  14:20  SCV  
  176  14:21  Viking  
  176  14:22  Hellion  
  176  14:24  Hellion x2  
  185  14:29  Hi-Sec Auto Tracking, Missile Turret  
  179  14:32  SCV  
  179  14:33  SCV  
  179  14:35  Siege Tank x2, Missile Turret  
  179  14:38  Orbital Command  
  189  14:39  Viking, Orbital Command  
  189  14:44  Hellion  
  193  14:47  Siege Tank  
  193  14:48  Hellion  
  173  15:16  Siege Tank x2, Hellion x3  
  181  15:26  Neosteel Armor  
  181  15:28  Hellion  
  181  15:38  Hellion x3  
  187  15:48  Siege Tank x2  
  187  15:49  Hellion  
  192  15:59  Hellion x3  
  166  16:14  Hellion  
  164  16:20  Siege Tank x2  
  164  16:21  Orbital Command  
  151  16:52  Siege Tank x2  
  143  16:55  Cyclone x4  
  151  17:07  Armory  
  149  17:09  SCV  
  149  17:10  SCV x3  
  149  17:11  SCV  
  150  17:21  SCV  
  120  17:24  Siege Tank x2  
  120  17:27  Hellion  
  120  17:28  Hellion x3  
  125  17:33  SCV  
  122  17:49  Hellion x4, SCV  
  122  17:51  SCV x2  
  133  17:55  SCV x4  
  133  17:56  Siege Tank x2  
  143  18:01  SCV  
  143  18:03  SCV  
  145  18:08  SCV  
  145  18:10  Hellion, Cyclone x2  
  145  18:11  Hellion, SCV  
  153  18:28  Siege Tank x2  
  153  18:32  Hellion x2  
  138  18:42  Hellion x2  
  127  18:53  Hellion x2  
  131  19:00  Siege Tank x2  
  132  19:03  SCV x2  
  132  19:04  Hellion x2  
  136  19:15  Widow Mine  
  134  19:25  Widow Mine x2  
  134  19:29  Factory Tech Lab  
  136  19:32  Siege Tank  
  136  19:33  Siege Tank, Terran Vehicle Weapons Level 2  
  136  19:37  SCV x2  
  144  19:39  Armory  
  144  19:46  Hellion  
  144  19:47  Hellion  
  144  19:51  Sensor Tower, Supply Depot  
  148  19:57  Widow Mine x2  
  148  19:59  Orbital Command  
  149  20:05  Siege Tank x2  
  138  20:11  Hellion x2  
  142  20:18  Siege Tank, Hellion  
  148  20:21  SCV  
  148  20:28  SCV  
  149  20:31  SCV  
  149  20:32  Hellion, Widow Mine, SCV  
  155  20:37  Widow Mine x2  
  155  20:39  Cyclone  
  158  21:17  Orbital Command, Siege Tank  
  158  21:18  Siege Tank, Widow Mine x4  
  172  21:20  SCV x3  
  172  21:24  SCV x2  
  180  21:40  Siege Tank  
  180  21:46  Viking x3  
  151  22:15  Viking  
  151  22:16  Viking x2  
  134  22:26  Hellion x3, SCV  
  133  22:40  Hellion x3  
  133  22:41  SCV x3  
  133  22:42  SCV  
  133  22:43  SCV x2  
  143  22:45  Viking  
  143  22:46  Viking x2  
  143  22:50  Hellion  
  150  22:53  SCV  
  149  23:01  Siege Tank x2  
  145  23:11  Siege Tank  
  146  23:15  Viking  
  146  23:16  Viking x2, Hellion  
  146  23:17  Hellion  
  144  23:28  SCV x2  
  144  23:33  Siege Tank  
  149  23:37  Hellion x3  
  155  23:45  Viking, Liberator  
  155  23:46  Viking  
  162  23:54  Hellion  
  167  23:55  Siege Tank  
  167  24:01  Cyclone  
  169  24:11  Missile Turret, Widow Mine x2  
  169  24:12  Missile Turret, Widow Mine  
  169  24:13  Missile Turret  
  169  24:15  Viking  
  169  24:16  Viking, Widow Mine  
  179  24:28  Viking, Widow Mine  
  177  24:32  Thor  
  177  24:33  Widow Mine  
  184  24:42  Hellion x2  
  155  24:48  Thor  
  155  24:49  Widow Mine  
  155  24:52  SCV  
  164  24:54  Widow Mine  
  164  25:01  Orbital Command  
  164  25:04  Widow Mine  
  160  25:08  Cyclone  
  160  25:10  Cyclone  
  164  25:15  Cyclone  
  164  25:19  Siege Tank  
  164  25:20  SCV x2  
  171  25:25  Hellion  
  173  25:31  Hellion  
  171  25:41  Hellion  
  175  25:42  Hellion  
  175  25:46  Hellion  
  175  25:48  Hellion  
  170  25:51  Hellion  
  170  25:52  Hellion  
  166  26:02  Hellion  
  164  26:08  Hellion  
  168  26:12  Hellion  
  168  26:14  Siege Tank  
  98  27:55  SCV x2  
  98  27:56  Factory  
  98  27:57  Factory  
  98  27:58  Factory  
  98  28:00  SCV x2  
  98  28:03  Factory  
  98  28:05  Factory x2, Refinery  
  100  28:06  Factory  
  70  28:20  SCV  
  69  28:35  SCV x3  
  62  28:58  Factory Reactor x2  
  62  28:59  Factory Reactor  
  62  29:01  Factory Reactor  
  62  29:30  Factory Tech Lab  
  58  29:45  SCV  
  58  29:46  SCV  
  58  29:48  Siege Tank  
  58  29:49  Cyclone, Hellion x2  
  68  30:02  Hellion, Cyclone  
  71  30:11  Hellion  
  75  30:19  Cyclone x2  
  80  30:28  Hellion x2  
  81  30:42  SCV  
  81  30:49  Hellion  
  68  30:51  Cyclone  
  68  30:52  Hellion  
  40  31:08  SCV  
  40  31:09  SCV  
  42  31:13  Cyclone  
  39  31:24  Cyclone  
  34  31:45  Cyclone  
  35  31:50  Factory Tech Lab x2  
  34  31:54  SCV  
  34  31:56  Cyclone  
  37  32:06  SCV  
  38  32:09  Widow Mine x2  
  42  32:17  Cyclone  
  44  32:28  Cyclone  
  44  32:29  SCV  
  46  32:31  Widow Mine x2  
  50  32:41  SCV  
  51  32:52  Widow Mine x2  
  51  32:53  SCV  
Tags
 
Add a new tag
Caveats
  • Supply blocks, unpowered buildings, or Contaminate may cause inaccurate times.
  • Supply counts are checked every 10 seconds.